 Dungeon Crawl Stone Soup version 0.29-a0-841-g116ddc6ace (webtiles) character file.

Game seed: 3326046524576282429

268 par4site the Grave Robber (level 6, -2/46 HPs)
             Began as a Merfolk Necromancer on July 15, 2022.
             Slain by a black bear (8 damage)
             ... on level 4 of the Dungeon.
             The game lasted 00:22:45 (4814 turns).

par4site the Grave Robber (Merfolk Necromancer)     Turns: 4814, Time: 00:22:46

Health: -2/46      AC:  8    Str:  8      XL:     6   Next: 21%
Magic:  7/10       EV: 10    Int: 17      God:
Gold:   112        SH:  0    Dex: 10 (14) Spells: 7/11 levels left

rFire   . . .      SeeInvis .   f - +0 short sword
rCold   . . .      Faith    .   (no shield)
rNeg    . . .      Spirit   .   g - +0 ring mail
rPois   .          Reflect  .   m - +2 hat
rElec   .          Harm     .   (no cloak)
rCorr   +          Rampage  .   n - +0 pair of gloves
Will    .....                   (no boots)
Stlth   +.........              (no amulet)
HPRegen 0.15/turn               e - ring of resist corrosion
MPRegen 0.12/turn               (no ring)

@: no status effects
A: (nimble swimmer 2), mertail
a: no special abilities


You were on level 4 of the Dungeon.
You visited 1 branch of the dungeon, and saw 4 of its levels.

You collected 112 gold pieces.

Inventory:

Hand Weapons
 c - a +0 hand axe
 f - a +0 short sword (weapon)
 w - a +2 dagger of electrocution
 z - a +1 dagger of freezing
Armour
 a - a +0 robe
 g - a +0 ring mail (worn)
 m - a +2 hat (worn)
 n - a +0 pair of gloves (worn)
Jewellery
 e - a ring of resist corrosion (left hand)
 j - a ring of ice
Scrolls
 d - a scroll of noise {unknown}
 h - a scroll of fear
 i - 2 scrolls of vulnerability
 l - 3 scrolls of identify {unknown}
 p - a scroll of fog {unknown}
 r - a scroll of enchant weapon {unknown}
 s - a scroll of poison {unknown}
 v - a scroll of amnesia {unknown}
 x - a scroll of acquirement {unknown}
 y - a scroll of blinking {unknown}
Potions
 b - a potion of magic
 k - a potion of attraction
 o - 2 potions of curing {unknown}
 q - a potion of invisibility
 t - a potion of resistance
 u - 2 potions of heal wounds {unknown}


   Skills:
 * Level 2.9 Fighting
 + Level 1.7 Armour
 + Level 3.7 Dodging
 - Level 2.1 Stealth
 + Level 3.1 Spellcasting
 * Level 4.1 Necromancy


You had 7 spell levels left.
You knew the following spells:

 Your Spells              Type           Power      Damage    Failure   Level
a - Necrotise             Necr           64%        1d7       10%         1
b - Vampiric Draining     Necr           16%        2d7       28%         3

Your spell library contained the following spells:

 Spells                   Type           Power      Damage    Failure   Level
 Ensorcelled Hibernation  Hex/Ice        4%         N/A       61%         2
 Passwall                 Tmut/Erth      1%         N/A       61%         2
 Animate Dead             Necr           16%        N/A       67%         4
 Swiftness                Air            2%         N/A       83%         3
 Agony                    Necr           16%        N/A       95%         5
 Dispersal                Tloc           1%         N/A       100%        6
 Disjunction              Tloc           1%         N/A       100%        8


Dungeon Overview and Level Annotations

Branches:
Dungeon (4/15)
 Temple: D:4-7

Altars:

Annotations:
D:4 Eustachio, Robin


Innate Abilities, Weirdness & Mutations

((You are very nimble when in or above water. (Stealth+, EV+, Speed+++)))
Your lower body shifts to a powerful aquatic tail in water.


Message History

A goblin comes into view. It is wielding a +0 club.
The goblin shouts!
You hit the black bear.
The black bear is almost dead.
You hear a shout! x2
Robin roars a battlecry!
The goblins go into a battle-frenzy!
A goblin comes into view. It is wielding a +0 club.
The black bear goes berserk!
A goblin comes into view. It is wielding a +0 whip.
Robin misses you. The black bear bites you.
The black bear claws you but does no damage.
The black bear barely misses you.
You hear a shout!
The goblin shouts!
Casting: Necrotise (safe; 10% risk of failure)
Confirm with . or Enter, or press ? or * to list all spells.
Aiming: Necrotise (safe; 10% risk of failure)
Press: ? - help, Shift-Dir - straight line, f/p - black bear
Aim: a black bear (severely wounded, berserk, chance to affect: 73%)
The black bear writhes in agony.
The goblin shouts!
You hear a shout! x2
The black bear bites you.
* * * LOW HITPOINT WARNING * * *
The black bear claws you but does no damage.
The black bear misses you. Robin hits you with a +0 falchion.
* * * LOW HITPOINT WARNING * * *
A hobgoblin comes into view.
The goblin drinks a potion.
The goblin flickers and vanishes!
Deactivating autopickup; reactivate with Ctrl-A.
Casting: Necrotise (safe; 10% risk of failure)
Confirm with . or Enter, or press ? or * to list all spells.
Aiming: Necrotise (safe; 10% risk of failure)
Press: ? - help, Shift-Dir - straight line, f/p - black bear
Aim: a black bear (almost dead, berserk, chance to affect: 73%)
The black bear struggles to resist.
The black bear closely misses you.
The black bear claws you but does no damage.
The black bear claws you.
* * * LOW HITPOINT WARNING * * *
The black bear bites you!
You die...

.....รท).# #######. #######.#
#....... #'# ##......#
#...$...#.g.....# #
............8g....+ .#
..............g{..# ..##
.........8g.....g.## #...
...........P8###hg.###+###..#
.........##### #@......Z...#
.........# #.........##
#.....)....# #..........####
......................
......................
#####.#############... ....
.. #.#.


You could see a black bear (berserk), Robin, a scorpion zombie, a hobgoblin
(strong) and 3 goblins.

Vanquished Creatures
  A necrophage (D:4)
  A bullfrog zombie (D:4)
  Natasha (thrice) (D:2)
  A hound zombie (D:4)
  3 adders
  2 dart slugs (D:2)
  2 orcs (D:3)
  3 bats
  6 endoplasms
  2 giant cockroaches
  4 goblins
  3 hobgoblins
  4 jackals
  5 ball pythons
  3 frilled lizards
  8 kobolds
  A quokka zombie (D:4)
  8 rats
60 creatures vanquished.

Vanquished Creatures (collateral kills)
  A ball python (D:2)
  A frilled lizard (D:2)
  A rat (D:2)
3 creatures vanquished.

Vanquished Creatures (others)
  10 demonic plants (D:2)
  5 fungi (D:2)
  2 plants (D:2)
  8 withered plants
25 creatures vanquished.

Grand Total: 88 creatures vanquished

Notes
Turn   | Place    | Note
-------+----------+-------------------------------------------
     0 | D:1      | par4site the Merfolk Necromancer began the quest for the
                  | Orb.
     0 | D:1      | Reached XP level 1. HP: 13/13 MP: 3/3
   606 | D:1      | Reached XP level 2. HP: 20/20 MP: 1/5
  1300 | D:2      | Reached skill level 1 in Fighting
  1374 | D:2      | Found a faded altar of an unknown god.
  1383 | D:2      | Reached XP level 3. HP: 26/26 MP: 2/6
  1736 | D:2      | Noticed Natasha
  1745 | D:2      | Killed Natasha
  1746 | D:2      | Reached skill level 1 in Armour
  1841 | D:2      | Reached XP level 4. HP: 29/32 MP: 4/7
  1850 | D:2      | Noticed Natasha
  1863 | D:2      | Killed Natasha
  2136 | D:2      | Noticed Natasha
  2164 | D:2      | Killed Natasha
  2165 | D:2      | Reached XP level 5. HP: 18/38 MP: 7/9
  3018 | D:3      | Learned a level 3 spell: Vampiric Draining
  4297 | D:4      | Reached skill level 4 in Necromancy
  4297 | D:4      | Reached XP level 6. HP: 18/45 MP: 7/10
  4479 | D:4      | Noticed a black bear
  4522 | D:4      | Noticed Eustachio
  4802 | D:4      | Noticed Robin
  4814 | D:4      | Slain by a black bear

Illustrated notes

Levels and vault maps discovered:
D:1:      matt_arrival_grand_opening, layout_basic, hangedman_glass_teeth
D:2:      layout_basic, shapermc_ecumenical_altar_gd, uniq_natasha
D:3:      layout_loops_ring, serial_forest, infiniplex_forest_end_2,
          infiniplex_forest_lined_corner, infiniplex_forest_clump_C,
          infiniplex_forest_corner_1, infiniplex_forest_end_1,
          infiniplex_forest_lined_2, infiniplex_forest_diagonal,
          infiniplex_forest_zigzag_2
D:4:      layout_basic, mainiacjoe_overflow_alcove_4, lemuel_temple_firewalk_b,
          serial_undead, serial_undead_e, serial_undead_c, serial_undead_e,
          serial_undead_b, minmay_box_of_dots, uniq_eustachio,
          uniq_blork_the_orc, uniq_pikel, uniq_robin, uniq_crazy_yiuf_cottage,
          uniq_ijyb

Skill      XL: |  1  2  3  4  5 |
---------------+----------------+-----
Fighting       | 1 2 |  2.9
Armour         | 1 |  1.7
Dodging        | 3 |  3.7
Spellcasting   | 3 |  3.1
Necromancy     | 4 |  4.1
Stealth        | |  2.1

Action                   |  1- 3 |  4- 6 || total
-------------------------+-------+-------++-------
Melee: Hand axe          |     6 |       ||     6
       Short sword       |    53 |   153 ||   206
       Unarmed           |     1 |       ||     1
       Punch             |     2 |     3 ||     5
 Cast: Necrotise         |    36 |    39 ||    75
       Vampiric Draining |       |     2 ||     2
  Use: Scroll            |     2 |       ||     2
       Potion            |       |     1 ||     1
 Stab: Sleeping          |     1 |       ||     1
Armor: Ring mail         |    37 |   137 ||   174
Dodge: Dodged            |    43 |   137 ||   180

Table legend: (Time is in decaauts)
 A = Elapsed time spent in this place.
 B = Non-inter-level travel time spent in this place.
 C = Inter-level travel time spent in this place.
 D = Time resting spent in this place.
 E = Time spent auto-exploring this place.
 F = Levels seen in this place.
 G = Mean time per level.
                   A        B        C        D        E       F      G
               +--------+--------+--------+--------+--------+-----+--------+
         Total |   4840 |   4840 |      0 |   1838 |   1896 |   4 | 1210.0 |
       Dungeon |   4840 |   4840 |      0 |   1838 |   1896 |   4 | 1210.0 |
               +--------+--------+--------+--------+--------+-----+--------+

Top non-repeatable levels by time:
     D:2: 1715 daAuts
     D:3: 1351 daAuts
     D:1: 1288 daAuts
     D:4: 485 daAuts
